 Dungeon Crawl Stone Soup version 0.21.1-1-g345015fe64 (webtiles) character file.

764 Kirk the Chopper (level 7, 0/53 HPs)
             Began as a Demonspawn Gladiator on July 28, 2018.
             Slain by a centaur
             ... wielding a +0 long sword
              (4 damage)
             ... on level 5 of the Dungeon.
             The game lasted 00:09:03 (5146 turns).

Kirk the Chopper (Demonspawn Gladiator)             Turns: 5146, Time: 00:09:04

Health: 0/53       AC:  6    Str: 14    XL:     7   Next: 51%
Magic:  7/7        EV: 15    Int: 11    God:
Gold:   235        SH:  0    Dex: 15    Spells: 6/6 levels left

rFire    . . .     SeeInvis .   a - +0 war axe
rCold    . . .     Gourm    .   (no shield)
rNeg     . . .     Faith    .   b - +0 leather armour
rPois    .         Spirit   .   (helmet unavailable)
rElec    .         Reflect  .   m - +0 cloak
rCorr    .         Harm     .   (no gloves)
MR       .....     Rnd*Tele +   (no boots)
Stlth    +.........             (no amulet)
HPRegen  0.17/turn              g - +3 ring of evasion
MPRegen  0.10/turn              i - ring of teleportation (curse)

@: about to teleport
A: horns 3, rugged brown scales 2, powered by pain 1
a: no special abilities


You were on level 5 of the Dungeon.
You were hungry.

You visited 1 branch of the dungeon, and saw 5 of its levels.

You collected 235 gold pieces.

Inventory:

Hand Weapons
 a - a +0 war axe (weapon)
Missiles
 d - 2 throwing nets (quivered)
 e - 5 javelins
Armour
 b - a +0 leather armour (worn)
 m - a +0 cloak (worn)
Jewellery
 g - a +3 ring of evasion (left hand)
 i - a cursed ring of teleportation (right hand)
Scrolls
 l - a scroll of identify
Potions
 k - a potion of brilliance
Books
 c - a book of Necromancy

   Spells                             Type                      Level
   a - Pain                           Necromancy                   1
   b - Animate Skeleton               Necromancy                   1
   c - Vampiric Draining              Necromancy                   3
   d - Regeneration                   Charms/Necromancy            3
   e - Animate Dead                   Necromancy                   4
   f - Borgnjor's Vile Clutch         Necromancy/Earth             5
 h - a book of Misfortune

   Spells                             Type                      Level
   a - Confusing Touch                Hexes                        1
   b - Confuse                        Hexes                        3
   c - Gell's Gravitas                Translocation                3
   d - Petrify                        Transmutation/Earth          4
   e - Metabolic Englaciation         Hexes/Ice                    5
   f - Yara's Violent Unravelling     Hexes/Transmutation          5
Comestibles
 f - 8 rations


   Skills:
 + Level 2.6 Fighting
 + Level 7.8 Axes
 - Level 1.7 Throwing
 + Level 1.2 Armour
 - Level 2.6 Dodging


You had 6 spell levels left.
You didn't know any spells.

Dungeon Overview and Level Annotations

Branches:
Dungeon (5/15)
 Temple: D:4-7

Altars:
Fedhas
Trog
Yredelemnul
Zin
The Shining One


Innate Abilities, Weirdness & Mutations

You have a pair of large horns on your head.
You are mostly covered in rugged brown scales. (AC +2, +5% HP)
You sometimes gain a little power by taking damage.


Message History

You closely miss something. Something hits you but does no damage.
The centaur misses you.
You slash the centaur!
The centaur is severely wounded.
You miss something. The centaur hits you with a long sword!
A sky beast appears from thin air!
Reactivating autopickup.
The sky beast hits you.
* * * LOW HITPOINT WARNING * * *
The sky beast shocks you.
* * * LOW HITPOINT WARNING * * *
The centaur hits you with a long sword.
* * * LOW HITPOINT WARNING * * *
The sky beast completely misses you.
Unknown command.
Okay, then.
That item cannot be evoked!
As you read the scroll of teleportation, it crumbles to dust.
You feel strangely unstable. The centaur hits you with a long sword.
You die...

#.#>##. .. #.#)###
.. ####.#)##. #.
#.......#. #.##
#.......#. ###..#
#.......##
....#######......)..
#..c..............>
# #@# ...#.........
# #Y# .####.........
### #(#..#
#......... ..#
###...# #####.####
#.############.(.###
#.
#...##.........#..#
##
##.....##########..#
##..#### .).. ....#
...<# #


You could see a sky beast and a centaur.

Vanquished Creatures
  An ogre (D:4)
  An ice beast (D:5)
  The ghost of Razbojnik the Conjurer, an amateur DECj (D:3)
  A scorpion (D:4)
  A centaur zombie (D:5)
  A hound (D:4)
  An orc priest (D:4)
  An iguana (D:2)
  3 orc wizards
  2 worker ants
  3 gnolls (D:5)
  7 adders
  4 worms
  3 dart slugs
  2 leopard geckos
  17 orcs
  A ball python (D:1)
  9 bats
  5 giant cockroaches
  8 goblins
  4 hobgoblins
  10 jackals
  4 quokkas
  4 frilled lizards
  A jackal skeleton (D:4)
  14 kobolds
  6 rats
115 creatures vanquished.

Notes
Turn   | Place    | Note
-------+----------+-------------------------------------------
     0 | D:1      | Kirk the Demonspawn Gladiator began the quest for the Orb.
     0 | D:1      | Reached XP level 1. HP: 16/16 MP: 1/1
   119 | D:1      | Reached skill level 3 in Axes
   125 | D:1      | Gained mutation: You have a pair of small horns on your head. [demonic ancestry]
   125 | D:1      | Reached XP level 2. HP: 13/22 MP: 2/2
   696 | D:1      | Gained mutation: You sometimes gain a little power by taking damage. [demonic ancestry]
   696 | D:1      | Reached XP level 3. HP: 27/27 MP: 3/3
  1019 | D:2      | Reached skill level 4 in Axes
  1386 | D:2      | Found a bloodstained altar of Trog.
  1424 | D:2      | Gained mutation: You have a pair of horns on your head. [demonic ancestry]
  1424 | D:2      | Reached XP level 4. HP: 25/33 MP: 4/4
  1694 | D:2      | Found a glowing golden altar of the Shining One.
  1694 | D:2      | Found a blossoming altar of Fedhas.
  2323 | D:3      | Reached skill level 5 in Axes
  2734 | D:3      | Found a basalt altar of Yredelemnul.
  2747 | D:3      | Noticed Razbojnik's ghost (amateur DECj)
  2753 | D:3      | Killed Razbojnik's ghost
  2753 | D:3      | Gained mutation: You are partially covered in rugged brown scales. (AC +1, +3% HP) [demonic ancestry]
  2753 | D:3      | Reached XP level 5. HP: 25/39 MP: 5/5
  2903 | D:3      | Reached skill level 6 in Axes
  2913 | D:3      | Gained mutation: You are mostly covered in rugged brown scales. (AC +2, +5% HP) [demonic ancestry]
  2913 | D:3      | Reached XP level 6. HP: 12/46 MP: 6/6
  3909 | D:4      | Reached skill level 7 in Axes
  4001 | D:4      | Found a glowing silver altar of Zin.
  4189 | D:3      | Gained mutation: You have a pair of large horns on your head. [demonic ancestry]
  4189 | D:3      | Reached XP level 7. HP: 40/52 MP: 7/7
  4716 | D:5      | Entered Level 5 of the Dungeon
  4785 | D:5      | Reached skill level 1 in Armour
  5146 | D:5      | Slain by a centaur

Skill      XL: |  1  2  3  4  5  6  7 |
---------------+----------------------+-----
Axes           | 3 4 5 6 7 |  7.8
Armour         | 1 |  1.2
Fighting       | |  2.6
Throwing       | |  1.7
Dodging        | |  2.6

Action                   |  1- 3 |  4- 6 |  7- 9 || total
-------------------------+-------+-------+-------++-------
Melee: War axe           |    93 |   169 |    57 ||   319
       Headbutt          |    11 |    23 |     7 ||    41
Throw: Throwing net      |       |     2 |       ||     2
  Use: Scroll            |     5 |     8 |     1 ||    14
       Potion            |     2 |     2 |     1 ||     5
  Eat: Chunk             |     1 |     8 |     4 ||    13
Armor: Leather armour    |    27 |    28 |    17 ||    72
       Skin              |       |       |    21 ||    21
Dodge: Dodged            |    99 |   144 |    52 ||   295
